 Dungeon Crawl Stone Soup version 0.18-a0-1243-g9e52518 (console) character file.

44 sorbius the Conjurer (level 3, -22/26 HPs)
             Began as a Draconian Conjurer on Feb 5, 2016.
             Killed from afar by Ijyb (27 damage)
             ... with a wand of lightning
             ... on level 2 of the Dungeon.
             The game lasted 00:03:07 (1217 turns).

sorbius the Conjurer (Draconian Conjurer)           Turns: 1217, Time: 00:03:07

Health: -22/26     AC:  5    Str: 10    XL:     3   Next: 41%
Magic:  1/7        EV: 12    Int: 16    God:
Gold:   71         SH:  0    Dex: 11    Spells: 2 memorised, 5 levels left

rFire  . . .     SeeInvis .     a - +1 mace (crush)
rCold  . . .     Gourm    .     (armour unavailable)
rNeg   . . .     Faith    .     (no shield)
rPois  .         Spirit   .     (helmet restricted)
rElec  .         Dismiss  .     (no cloak)
rCorr  .         Reflect  .     (no gloves)
SustAt .         Harm     .     (no boots)
MR     .....                    (no amulet)
Stlth  ++........               (no ring)
                                (no ring)

@: not resistant to hostile enchantments, unstealthy
A: unfitting armour, cold-blooded, AC +5
a: no special abilities


You were on level 2 of the Dungeon.
You were not hungry.

You visited 1 branch of the dungeon, and saw 2 of its levels.

You collected 71 gold pieces.

Inventory:

Hand Weapons
 a - a +1 mace of crushing (weapon)
Scrolls
 d - a scroll of enchant armour {unknown}
 h - a scroll of remove curse {unknown}
 j - a scroll of recharging {unknown}
Potions
 c - 2 potions of curing {unknown}
 f - a potion of flight {unknown}
 g - a potion of cure mutation {unknown}
 i - a potion of magic {unknown}
Books
 e - a book of Conjurations

   Spells                             Type                      Level
   a - Magic Dart                     Conjuration                  1
   b - Searing Ray                    Conjuration                  2
   c - Dazzling Spray                 Conjuration/Hexes            3
   d - Fulminant Prism                Conjuration/Hexes            4
   e - Iskenderun's Mystic Blast      Conjuration                  4
   f - Iskenderun's Battlesphere      Conjuration/Charms           5
Comestibles
 b - 2 bread rations


   Skills:
 - Level 1.7 Dodging
 - Level 1.7 Stealth
 + Level 3.0 Spellcasting
 + Level 4.6 Conjurations


You had 5 spell levels left.
You knew the following spells:

 Your Spells              Type           Power        Failure   Level  Hunger
a - Magic Dart            Conj           ###.         3%          1    #......
c - Searing Ray           Conj           ###...       6%          2    ##.....


Dungeon Overview and Level Annotations

Branches:
Dungeon (2/15)

Altars:

Annotations:
D:2 Ijyb


Innate Abilities, Weirdness & Mutations

Your plain brown scales are hard (AC +5).
Your body does not fit into most forms of armour.
You are cold-blooded and may be slowed by cold attacks.


Message History

Casting: Searing Ray
Confirm with . or Enter, or press ? or * to list all spells.
Aiming: Searing Ray
Press: ? - help, Shift-Dir - straight line, f/p - Ijyb
Aim: Ijyb, wielding a club and carrying a wand of lightning {zapped: 1} (moderately wounded)
The searing ray hits Ijyb.
Ijyb is moderately wounded.
The searing ray misses Ijyb.
The searing ray hits Ijyb.
Ijyb is heavily wounded.
You closely miss Ijyb.
Ijyb is heavily wounded.
Ijyb zaps a wand.
The bolt of lightning misses you.
Drink which item? (? for menu, Esc to quit)
Okay, then.
You barely miss Ijyb.
Ijyb is heavily wounded.
Ijyb zaps a wand.
The bolt of lightning hits you!
Ouch! That really hurt!
You die...

##....##########.....
#.#.........รท.<........
#.......###############
#####.#.## ###...#######
#...........#
#.......###.#####.#
#.......# #.#.....#
#.#.@.#.###.#.#
#...g.......#.####
####.#####..#.$...# #.#
#..#####.# #..g....#
#### ##.######


You could see Ijyb.

Vanquished Creatures
  2 adders
  2 giant geckos (D:1)
  2 giant cockroaches (D:1)
  3 goblins (D:1)
  3 hobgoblins (D:1)
  3 jackals (D:1)
  3 kobolds (D:1)
  A ball python (D:1)
  A bat (D:1)
  2 giant newts (D:1)
  A rat (D:1)
23 creatures vanquished.

Notes
Turn   | Place    | Note
--------------------------------------------------------------
     0 | D:1      | sorbius the Draconian Conjurer began the quest for the Orb.
     0 | D:1      | Reached XP level 1. HP: 14/14 MP: 3/3
   331 | D:1      | Reached XP level 2. HP: 20/20 MP: 5/5
   368 | D:1      | Learned a level 2 spell: Searing Ray
   654 | D:1      | Reached XP level 3. HP: 26/26 MP: 0/7
  1207 | D:2      | Noticed Ijyb
  1217 | D:2      | Killed from afar by Ijyb

Vault maps used:
D:1:      ncdulo_halloftheorcs
D:2:      serial_co_window_serial, co_window_paths_b, co_window_paths_a,
          co_window_paths_b, co_window_of_opportunity_a, co_window_paths_b,
          co_window_corner_ca, co_window_corner_cb, co_window_of_opportunity_b,
          glass_columns_a, ecumenical_altar_2, first_bread, uniq_iyjb,
          uniq_robin

Action                   || total
-------------------------++-------
Melee: Dagger            ||    19
       Unarmed           ||     6
       Mace              ||     8
 Cast: Magic Dart        ||    30
       Searing Ray       ||     5
  Eat: Chunk             ||     1
